 Dungeon Crawl Stone Soup version 0.18.1-48-g4cf74bf (webtiles) character file.

347 bunjiquo the Ruffian (level 6, -3/61 HPs)
             Began as a Troll Monk on Aug 12, 2016.
             Slain by Pikel
             ... wielding a +1 whip of freezing
              (4 damage)
             ... on level 5 of the Dungeon.
             The game lasted 00:21:06 (2706 turns).

bunjiquo the Ruffian (Troll Monk)                   Turns: 2706, Time: 00:21:06

Health: -3/61      AC:  5    Str: 21    XL:     6   Next: 32%
Magic:  5/5        EV: 11    Int:  6    God:
Gold:   238        SH:  0    Dex: 13    Spells: 0 memorised, 5 levels left

rFire  . . .     SeeInvis .     v - +3 dagger (venom)
rCold  . . .     Gourm    +     b - +0 robe
rNeg   . . .     Faith    .     (no shield)
rPois  .         Spirit   .     (helmet restricted)
rElec  .         Dismiss  .     (no cloak)
rCorr  .         Reflect  .     (gloves unavailable)
SustAt .         Harm     .     (boots unavailable)
MR     .....                    (no amulet)
Stlth  ++........               (no ring)
                                (no ring)

@: about to teleport, not resistant to hostile enchantments, unstealthy
A: unfitting armour, claws 3, fast metabolism 3, gourmand, regeneration 2,
shaggy fur 1, tough skin 2
a: no special abilities


You were on level 5 of the Dungeon.
You were not hungry.

You visited 1 branch of the dungeon, and saw 5 of its levels.

You collected 238 gold pieces.

Inventory:

Hand Weapons
 e - a +0 short sword
 g - a +0 spear
 i - a +0 short sword
 k - a +0 whip
 r - a +0 dagger
 t - a +0 blowgun
 v - a +3 dagger of venom (weapon)
 D - a +4 hunting sling
Missiles
 h - 136 stones (quivered)
 j - 59 bolts
 l - 64 arrows
 u - 33 sling bullets
 x - 31 poisoned needles
Armour
 a - a +0 robe
 b - a +0 robe (worn)
 d - a cursed -1 helmet
 f - a cursed -1 robe
 m - a +0 scale mail
 n - a +0 robe
 o - a +0 helmet
 p - a +0 robe
 q - a +0 scale mail
 s - a +0 leather armour
 z - a +0 robe
 H - a +0 robe
Jewellery
 c - an uncursed ring of flight {unknown}
Wands
 B - a wand of teleportation (0/9)
Scrolls
 w - a scroll of recharging
 y - a scroll of amnesia
Potions
 A - a potion of berserk rage


   Skills:
 + Level 3.3 Fighting
 * Level 1.4 Short Blades
 + Level 4.2 Dodging
 + Level 1.6 Stealth
 + Level 4.9 Unarmed Combat


You had 5 spell levels left.
You didn't know any spells.

Dungeon Overview and Level Annotations

Branches:
Dungeon (5/15)
 Temple: D:4-7

Altars:
Makhleb
The Shining One

Annotations:
D:5 Pikel


Innate Abilities, Weirdness & Mutations

You are too large for most types of armour.
You have claws for hands.
Your metabolism is lightning-fast.
You like to eat raw meat.
You heal very quickly.
You are covered in fur (AC +1).
You have very tough skin (AC +2).


Message History

The slave barely misses you. x2
You hit the slave but do no damage.
The slave is heavily wounded.
Pikel drinks a potion.
Pikel seems to speed up.
The slave hits you. The slave misses you.
You puncture the slave!
The slave is almost dead.
Pikel hits you with a whip of freezing!
* * * LOW HITPOINT WARNING * * *
Pikel freezes you.
* * * LOW HITPOINT WARNING * * *
The slave barely misses you. Pikel hits you with a whip of freezing.
* * * LOW HITPOINT WARNING * * *
Pikel freezes you.
* * * LOW HITPOINT WARNING * * *
The slave misses you.
As you read the scroll of teleportation, it crumbles to dust.
You feel strangely unstable. The slave hits you but does no damage.
Pikel hits you with a whip of freezing.
You die...

.#. ... #.# #.#
##.## #...# ##.#.##
########..#.p##
#........###@p#
#.####..## ##Kp# #.
##..##...##....
#.##..##..#..##.....
.####....## .#.#..
#.... .......###
#._.#. ##..
.###.....## .#.#..
.# #...#..##..#..#
#...##..#+


You could see Pikel and 3 slaves.

Vanquished Creatures
  A slave (D:5)
  A hound (D:4)
  The ghost of Mizofix the Sneak, a weakling FeEn (D:4)
  A centaur skeleton (D:4)
  Ijyb (D:3)
  An iguana (D:4)
  3 orc wizards
  4 adders
  An ooze (D:1)
  3 adder skeletons (D:4)
  3 worms
  A dart slug (D:1)
  5 giant geckos
  12 orcs
  A giant cockroach (D:2)
  2 goblins (D:1)
  5 hobgoblins
  2 jackals (D:1)
  A quokka (D:4)
  A ball python (D:1)
  6 bats
  3 giant newts
  8 kobolds
  8 rats
75 creatures vanquished.

Notes
Turn   | Place    | Note
--------------------------------------------------------------
     0 | D:1      | bunjiquo the Troll Monk began the quest for the Orb.
     0 | D:1      | Reached XP level 1. HP: 22/22 MP: 0/0
   244 | D:1      | Reached XP level 2. HP: 20/29 MP: 1/1
   792 | D:1      | Reached XP level 3. HP: 34/36 MP: 2/2
  1542 | D:3      | HP: 1/36 [something/magic dart (4)]
  1552 | D:3      | Reached XP level 4. HP: 35/44 MP: 3/3
  1907 | D:4      | Reached XP level 5. HP: 47/53 MP: 4/4
  1910 | D:4      | Paralysed by fainting for 8 turns
  1921 | D:4      | Paralysed by fainting for 6 turns
  2127 | D:4      | Reached skill level 1 in Short Blades
  2342 | D:5      | Entered Level 5 of the Dungeon
  2375 | D:3      | Noticed Ijyb
  2384 | D:3      | Killed Ijyb
  2384 | D:3      | Reached XP level 6. HP: 24/61 MP: 5/5
  2565 | D:4      | Noticed Mizofix's ghost (weakling FeEn)
  2580 | D:4      | Killed Mizofix's ghost
  2603 | D:4      | Found a burning altar of Makhleb.
  2680 | D:5      | Found a glowing golden altar of the Shining One.
  2688 | D:5      | Noticed a slave
  2689 | D:5      | Noticed Pikel
  2690 | D:5      | Noticed a slave
  2690 | D:5      | Noticed a slave
  2693 | D:5      | Noticed a slave
  2697 | D:5      | Killed a slave
  2705 | D:5      | HP: 1/61 [Pikel/whip of freezing (3)]
  2706 | D:5      | Slain by Pikel

Skill      XL: |  1  2  3  4  5 |
---------------+----------------+-----
Dodging        | 3 4 |  4.2
Fighting       | 3 |  3.3
Short Blades   | 1 |  1.4
Stealth        | |  1.6
Unarmed Combat | |  4.9

Action                   |  1- 3 |  4- 6 || total
-------------------------+-------+-------++-------
Melee: Unarmed           |   106 |     2 ||   108
       Dagger            |       |   147 ||   147
       Punch             |       |     2 ||     2
  Use: Scroll            |     6 |     9 ||    15
       Potion            |     3 |     3 ||     6
 Stab: Sleeping          |     2 |     2 ||     4
  Eat: Bread ration      |     2 |       ||     2
       Royal jelly       |     1 |     1 ||     2
       Chunk             |       |    10 ||    10
Armor: Robe              |    65 |    68 ||   133
Dodge: Dodged            |    80 |   135 ||   215
